 Dungeon Crawl Stone Soup version 0.27.1 (webtiles) character file.

Game seed: 14782883362340352939

21 Veritas the Slasher (level 3, -2/29 HPs)
             Began as a Human Berserker on Aug 23, 2021.
             Was a Believer of Trog.
             Slain by a kobold (20 damage)
             ... on level 1 of the Dungeon.
             The game lasted 00:07:38 (958 turns).

Veritas the Slasher (Human Berserker)                Turns: 958, Time: 00:07:39

Health: -2/29      AC:  6    Str: 17    XL:     3   Next: 5%
Magic:  3/3        EV: 11    Int:  7    God:    Trog [**....]
Gold:   7          SH:  0    Dex: 13    Spells: 2/2 levels left

rFire    . . .     SeeInvis .   a - +0 falchion
rCold    . . .     Faith    .   (no shield)
rNeg     . . .     Spirit   .   c - +0 ring mail
rPois    .         Reflect  .   (no helmet)
rElec    .         Harm     .   b - +0 cloak
rCorr    .         Rampage  .   (no gloves)
Will     .....                  (no boots)
Stlth    +.........             (no amulet)
HPRegen  0.09/turn              (no ring)
MPRegen  0.08/turn              (no ring)

@: no status effects
A: no striking features
a: Renounce Religion, Berserk, Trog's Hand


You were on level 1 of the Dungeon.
You worshipped Trog.
Trog was pleased with you.
You visited 1 branch of the dungeon, and saw 2 of its levels.

You collected 7 gold pieces.

Inventory:

Hand Weapons
 a - a +0 falchion (weapon)
Armour
 b - a +0 cloak (worn)
 c - a +0 ring mail (worn)


   Skills:
 + Level 3.0 Fighting
 + Level 3.9 Long Blades
 + Level 2.0 Armour
 + Level 2.0 Dodging


You had 2 spell levels left.
You didn't know any spells.
Your spell library was empty.

Dungeon Overview and Level Annotations

Branches:
Dungeon (2/15)

Altars:


Message History

The goblin shouts!
You hear an angry hiss.
A ball python comes into view.
The ball python hisses angrily.
You slash the goblin!
You kill the goblin!
Trog accepts your kill.
You have reached level 3!
Your experience leads to an increase in your attributes!
Increase (S)trength, (I)ntelligence, or (D)exterity?
Uppercase letters only, please.
You feel agile.
You hit the ball python but do no damage.
The ball python misses you.
You riposte.
You barely miss the ball python. The ball python barely misses you.
You hit the ball python.
The ball python is severely wounded.
The ball python completely misses you. The ball python misses you.
The ball python closely misses you.
You riposte.
You slash the ball python!
You kill the ball python!
Trog accepts your kill.
You can now call upon Trog for regeneration and willpower.
Things that are here:
a +0 club; a goblin corpse
Found 7 gold pieces.
You now have 7 gold pieces.
A kobold comes into view.
It is wielding a +3 short sword of electrocution.
The kobold shouts!
You hit the kobold.
The kobold is moderately wounded.
The kobold completely misses you.
The kobold hits you with a +3 short sword of electrocution.
You barely miss the kobold.
The kobold is moderately wounded.
The kobold closely misses you.
You hit the kobold.
The kobold is heavily wounded.
The kobold hits you with a +3 short sword of electrocution!
You are electrocuted!!
Ouch! That really hurt!
You die...

#≈...≈##...........#
#≈..§≈##...........#
#≈.§.≈##...........#
#≈≈§≈≈##...........#
###'####.......#####
....# #.......# .
...## #######.# ...
...# #.####.....
...# #..@K......
...# ######.....
...# ..# ...# . ####
##### #)..# #'#.#
#####.#.#######
#<....#.......#


You could see a kobold.

Vanquished Creatures
  4 bats (D:1)
  2 endoplasms (D:1)
  A giant cockroach (D:1)
  2 goblins (D:1)
  3 jackals (D:1)
  A kobold (D:1)
  2 quokkas (D:1)
  A ball python (D:1)
  A frilled lizard (D:1)
  A rat (D:1)
18 creatures vanquished.

Notes
Turn   | Place    | Note
-------+----------+-------------------------------------------
     0 | D:1      | Veritas the Human Berserker began the quest for the Orb.
     0 | D:1      | Reached XP level 1. HP: 18/18 MP: 1/1
   128 | D:1      | Found a faded altar of an unknown god.
   178 | D:1      | Reached XP level 2. HP: 18/24 MP: 2/2
   929 | D:1      | Reached XP level 3. HP: 29/29 MP: 3/3
   932 | D:1      | Reached ** piety under Trog
   958 | D:1      | Slain by a kobold

Illustrated notes

Levels and vault maps discovered:
D:1:      amcnicky_arrival_choice, layout_basic,
          hellmonk_ecumenical_altar_slurped_away, kennysheep_minor_cross,
          minmay_crystal_room, minmay_misc_feat_alley,
          chequers_serial_rivers_micro_c
D:2:      layout_loops_ring, item_on_display_a, uniq_robin

Action                   || total
-------------------------++-------
Melee: Falchion          ||    47
 Stab: Sleeping          ||     1
Armor: Animal skin       ||     2
       Ring mail         ||    26
Dodge: Dodged            ||    43
       Rpst.: Falchion   ||    18
